 Dungeon Crawl Stone Soup version 0.32-a0-834-geaf45d8e21 (webtiles) character file.

Game seed: 11017198622281777850

15 AstroCodex24 the Shield-Bearer (level 2, -5/23 HPs)
             Began as a Vampire Fighter on Mar 26, 2024.
             Slain by a goblin
             ... wielding a +2 dagger of electrocution
             ... led by Robin
              (8 damage)
             ... on level 2 of the Dungeon.
             The game lasted 00:01:34 (535 turns).

AstroCodex24 the Shield-Bearer (Vampire Fighter)     Turns: 535, Time: 00:01:35

Health: -5/23      AC:  6    Str: 15    XL:     2   Next: 34%
Magic:  2/2        EV:  7    Int: 10    God:
Gold:   26         SH:  4    Dex: 13    Spells: 1/1 levels left

rFire   + . .        a - +0 war axe
rCold   x . .        c - +0 buckler
rNeg    . . .        b - +0 scale mail
rPois   .            (no helmet)
rElec   .            (no cloak)
rCorr   .            (no gloves)
SInv    +            (no boots)
Will    .....        (no amulet) Stlth
                     f - ring of fire
HPRegen 0.43/turn    (no ring)
MPRegen 0.08/turn

%: no passive effects
@: healing quickly
A: alive, fangs 3, see invisible, vampiric 1
a: Exsanguinate


You were on level 2 of the Dungeon.
You visited 1 branch of the dungeon, and saw 2 of its levels.

You collected 26 gold pieces.

Inventory:

Hand Weapons
 a - a +0 war axe (weapon)
Armour
 b - a +0 scale mail (worn)
 c - a +0 buckler (worn)
Jewellery
 f - a ring of fire (left hand)
Scrolls
 e - a scroll of identify {unknown}
Potions
 d - a potion of might


   Skills:
 + Level 2.8 Fighting
 + Level 2.0 Axes
 + Level 2.7 Armour
 + Level 2.8 Shields


You had one spell level left.
You didn't know any spells.
Your spell library contained the following spells:

 Spells                   Type           Power      Damage    Failure   Level
 Lesser Beckoning         Tloc           0%         N/A       96%         2
 Gell's Gravitas          Tloc           0%         N/A       99%         3
 Teleport Other           Tloc           0%         N/A       99%         3


Dungeon Overview and Level Annotations

Branches:
Dungeon (2/15)

Altars:

Annotations:
D:2 Robin


Innate Abilities, Weirdness & Mutations

Your natural rate of healing is accelerated.
You have razor-sharp teeth.
You have supernaturally acute eyesight. (SInv)
You are afflicted with vampirism.


Message History

You hear a shout!
A goblin comes into view. It is wielding a +0 club.
The goblin hits you but does no damage.
An endoplasm comes into view.
Robin throws the goblin at you! The goblin hits you but does no damage.
Your Axes skill increases to level 2!
The endoplasm quivers.
You slash the goblin!
You kill the goblin!
You closely miss the goblin.
The goblin unwields a +1 dagger of venom.
It stops dripping with poison.
The goblin wields a +0 sling.
The goblin shoots a sling bullet.
The sling bullet closely misses you.
A goblin comes into view. It is wielding a +0 club.
You block the goblin's attack.
You hear a shout! x2
You hit the goblin.
The goblin is moderately wounded.
Robin throws the goblin at you! The goblin hits you but does no damage.
The goblin shoots a sling bullet.
The sling bullet barely misses you.
A hobgoblin comes into view.
The goblin hits you but does no damage.
A goblin comes into view. It is wielding a +0 club.
The goblin hits you with a +2 dagger of electrocution.
You closely miss the goblin.
The goblin is moderately wounded.
You barely miss the goblin.
A bat comes into view.
The goblin hits you with a +0 club. The goblin barely misses you.
You closely miss the goblin.
The goblin is moderately wounded.
You barely miss the goblin. The goblin hits you with a +0 club.
A hobgoblin comes into view.
Robin throws the goblin at you!
The goblin hits you with a +2 dagger of electrocution.
You are electrocuted!
* * * LOW HITPOINT WARNING * * *
The bat hits you but does no damage.
The goblin hits you with a +2 dagger of electrocution!
You die...

#.#............
.............#
...#........ #
..#####......... ..
.......<....# .##
#...........## ....
####...##....###Jg.g.
....## ###.g)g...g..
#.#.. ##g@bg.##. . #.
........g.#..# #
.....####..#.# ....
#.# # ... ... .. #...
. .... #...


You could see Robin, an endoplasm, 2 hobgoblins, 5 goblins and a bat.

Vanquished Creatures
  A bat (D:1)
  3 goblins
  2 hobgoblins (D:1)
  3 kobolds (D:1)
  A quokka (D:1)
  A ball python (D:1)
  2 rats (D:1)
13 creatures vanquished.

Notes
Turn   | Place    | Note
-------+----------+-------------------------------------------
     0 | D:1      | AstroCodex24 the Vampire Fighter began the quest for the
                  | Orb.
     0 | D:1      | Reached XP level 1. HP: 17/17 MP: 1/1
   268 | D:1      | Reached XP level 2. HP: 19/23 MP: 2/2
   530 | D:2      | Noticed Robin
   535 | D:2      | Slain by a goblin

Illustrated notes

Levels and vault maps discovered:
D:1:      onia_arrival_handbag, layout_basic, basic_ecumenical_altar,
          dreamdust_mushroom_princess
D:2:      layout_rooms, minmay_bisected, uniq_robin

Skill      XL: |  1  2 |
---------------+-------+-----
Axes           | 2 |  2.0
Fighting       | |  2.8
Armour         | |  2.7
Shields        | |  2.8

Action                     || total
---------------------------++-------
  Melee: War axe           ||    34
         Bite              ||     2
 Armour: Scale mail        ||    39
  Dodge: Dodged            ||    25
  Block: Buckler           ||     7

Table legend: (Time is in decaauts)
 A = Elapsed time spent in this place.
 B = Non-inter-level travel time spent in this place.
 C = Inter-level travel time spent in this place.
 D = Time resting spent in this place.
 E = Time spent auto-exploring this place.
 F = Levels seen in this place.
 G = Mean time per level.
                   A        B        C        D        E       F      G
               +--------+--------+--------+--------+--------+-----+--------+
         Total |    548 |    459 |     89 |      0 |      0 |   2 |  274.0 |
       Dungeon |    548 |    459 |     89 |      0 |      0 |   2 |  274.0 |
               +--------+--------+--------+--------+--------+-----+--------+

Top non-repeatable levels by time:
     D:1: 532 daAuts
     D:2: 16 daAuts
